 Dungeon Crawl Stone Soup version 0.26-a0-1222-g14533b3512 (webtiles) character file.

Game seed: 18437406777679004385

618 vurker the Firebug (level 7, -4/55 HPs)
             Began as a Demigod Fire Elementalist on Dec 31, 2020.
             Slain by Dowan
             ... wielding a +0 dagger
              (5 damage)
             ... on level 5 of the Dungeon.
             The game lasted 00:08:29 (5245 turns).

vurker the Firebug (Demigod Fire Elementalist)      Turns: 5245, Time: 00:08:30

Health: -4/55      AC:  3    Str: 11    XL:     7   Next: 1%
Magic:  7/16       EV: 12    Int: 23    God:
Gold:   300        SH:  0    Dex: 16    Spells: 3/13 levels left

rFire    + . .     SeeInvis .   i - +2 dagger (drain)
rCold    x . .     Faith    .   (no shield)
rNeg     + . .     Spirit   .   a - +0 robe
rPois    .         Reflect  .   (no helmet)
rElec    .         Harm     .   (no cloak)
rCorr    .         Rampage  .   (no gloves)
Will     .....                  n - +0 pair of boots
Stlth    ++........             (no amulet)
HPRegen  0.18/turn              o - ring of positive energy
MPRegen  0.15/turn              l - ring of fire

@: no status effects
A: high mp 1
a: no special abilities


You were on level 5 of the Dungeon.
You visited 1 branch of the dungeon, and saw 5 of its levels.

You collected 300 gold pieces.

Inventory:

Hand Weapons
 i - a +2 dagger of draining (weapon)
   (You found it on level 2 of the Dungeon)
Armour
 a - a +0 robe (worn)
 n - a +0 pair of boots (worn)
   (You found it on level 4 of the Dungeon)
Jewellery
 l - a ring of fire (right hand)
   (You found it on level 3 of the Dungeon)
 o - a ring of positive energy (left hand)
   (You found it on level 1 of the Dungeon)
Wands
 c - a wand of disintegration (11)
   (You found it on level 4 of the Dungeon)
 d - a wand of iceblast (5)
   (You found it on level 4 of the Dungeon)
 u - a wand of paralysis (4)
   (You took it off Ijyb on level 3 of the Dungeon)
Scrolls
 b - 4 scrolls of remove curse
 e - 6 scrolls of teleportation {unknown}
 f - a scroll of amnesia {unknown}
 h - a scroll of immolation {unknown}
Potions
 g - 2 potions of ambrosia {unknown}
 j - a potion of berserk rage {unknown}
 m - a potion of mutation {unknown}
 p - a potion of haste {unknown}
 q - 2 potions of flight {unknown}
 r - a potion of curing
 s - 2 potions of brilliance {unknown}


   Skills:
 + Level 2.3 Fighting
 - Level 1.7 Dodging
 - Level 1.7 Stealth
 * Level 3.8 Spellcasting
 * Level 3.7 Conjurations
 * Level 4.7 Fire Magic


You had 3 spell levels left.
You knew the following spells:

 Your Spells              Type           Power        Failure   Level
a - Foxfire               Conj/Fire      100%         1%          1
q - Sticky Flame          Conj/Fire      35%          19%         4
z - Fireball              Conj/Fire      17%          45%         5

Your spell library contained the following spells:

 Spells                   Type           Power        Failure   Level
 Conjure Flame            Conj/Fire      35%          5%          3
 Inner Flame              Hex/Fire       22%          12%         3


Dungeon Overview and Level Annotations

Branches:
Dungeon (5/15)
 Temple: D:4-7

Shops:
D:4 :

Annotations:
D:3 3 runed translucent doors, tilp's ghost, amateur OgAK
D:5 Dowan


Innate Abilities, Weirdness & Mutations

You have an increased reservoir of magic. (+10% MP)


Message History

There is an open door here.
Things that are here:
a +0 short sword; a +0 ring mail; 2 golden potions You close the door, pushing everything out of the way.
You see here 2 golden potions.
Dowan is nearby!
You open the door. Dowan gestures at you while chanting.
The stone arrow misses you.
There is an open door here.
You see here a +0 ring mail.
You don't have enough magic to cast that spell.
As you read the scroll labelled WEYTRY ME LUUG, it crumbles to dust.
You feel as if something is helping you.
It was a scroll of remove curse.
You hear the rusting of a very distant drain.
Dowan hits you with a +0 dagger.
* * * LOW HITPOINT WARNING * * *
Dowan hits you with a +0 dagger.
* * * LOW HITPOINT WARNING * * *
Blink to where?
As you read the scroll labelled QECORUFUPAKH, it crumbles to dust.
It was a scroll of blinking.
Your magical contamination has completely faded away.
Dowan casts a spell.
Dowan blinks!
Dowan shakes with grief.
Dowan says, "Her death will not be in vain!"
Dowan hits you but does no damage.
Dowan says, "How can I live without her?"
Dowan gestures at you while chanting. The stone arrow hits you!
* * * LOW HITPOINT WARNING * * *
Dowan mumbles some strange words.
Dowan blinks!
There is an open door here.
You close the door.
Dowan opens the door.
Dowan says, "Magic will overcome all!"
Dowan is no longer moving quickly.
Dowan mumbles some strange words.
Dowan seems to speed up.
Blink to where?
As you read the scroll of blinking, it crumbles to dust.
Dowan says, "How can I live without her?"
Dowan casts a spell at you. The stone arrow hits you!
* * * LOW HITPOINT WARNING * * *
Aim: Dowan, wielding a +0 dagger and wearing a +0 robe (fast, chance to affect: 46%) Dowan resists with some effort.
Dowan hits you with a +0 dagger.
You die...

#..............#
#....e.#####...#
###'############
..#..........#
#.#######..### #.# ###..#
#.# #.§..#
##########.#####...##
########<.......@e........#
............#####.#####.÷.#
###########.# #+# #...#
........# ##### ####....#
......# ..###...# # #<...
##.##


You could see Dowan (fast).

Vanquished Creatures
  Sigmund (D:3)
  Duvessa (D:5)
  A hound (D:5)
  A jelly (D:5)
  2 orc wizards
  Jessica (D:3)
  Ijyb (D:3)
  2 worker ants (D:4)
  Terence (D:3)
  3 adders
  A shadow imp (D:4)
  A white imp (D:5)
  An adder skeleton (D:4)
  3 worms (D:2)
  4 leopard geckos
  5 orcs
  2 giant cockroaches
  6 goblins
  7 hobgoblins
  8 jackals
  A quokka (D:2)
  4 bats
  6 frilled lizards
  9 kobolds
  4 rats
76 creatures vanquished.

Vanquished Creatures (others)
  385 foxfires
385 creatures vanquished.

Grand Total: 461 creatures vanquished

Notes
Turn   | Place    | Note
-------+----------+-------------------------------------------
     0 | D:1      | vurker the Demigod Fire Elementalist began the quest for
                  | the Orb.
     0 | D:1      | Reached XP level 1. HP: 14/14 MP: 5/5
    44 | D:1      | Reached skill level 1 in Conjurations
   465 | D:1      | Reached XP level 2. HP: 20/20 MP: 2/7
   881 | D:1      | Reached skill level 3 in Fire Magic
  1580 | D:2      | Reached XP level 3. HP: 21/27 MP: 0/8
  2370 | D:3      | Noticed Sigmund
  2647 | D:3      | Killed Sigmund
  2648 | D:3      | Reached skill level 1 in Fighting
  2648 | D:3      | Reached XP level 4. HP: 7/35 MP: 3/11
  2648 | D:3      | Reached XP level 5. HP: 8/40 MP: 3/12
  2951 | D:3      | Noticed Jessica
  2953 | D:3      | Killed Jessica
  3002 | D:3      | Noticed tilp's ghost (amateur OgAK)
  3005 | D:3      | Found a runed translucent gate.
  3005 | D:3      | Found a runed translucent gate.
  3005 | D:3      | Found a runed translucent gate.
  3039 | D:3      | Reached skill level 4 in Fire Magic
  3062 | D:3      | Noticed Terence
  3089 | D:3      | Killed Terence
  3273 | D:3      | Found a bloodstained altar of Trog.
  3482 | D:3      | Noticed Ijyb
  3494 | D:3      | Paralysed by Ijyb for 3 turns
  3498 | D:3      | Killed Ijyb
  3499 | D:3      | Reached XP level 6. HP: 43/48 MP: 1/13
  3598 | D:3      | Learned a level 4 spell: Sticky Flame
  3604 | D:3      | Learned a level 5 spell: Fireball
  4105 | D:4      | Found a broken altar of Ashenzari.
  4348 | D:4      | Found a shimmering altar of Xom.
  4770 | D:4      | Found Athreg's Book Emporium.
  4996 | D:4      | Identified the +1 hand axe "Voutrium" {vorpal, Will+}
  5007 | D:5      | Entered Level 5 of the Dungeon
  5186 | D:5      | Noticed Duvessa
  5196 | D:5      | Killed Duvessa
  5197 | D:5      | Reached XP level 7. HP: 17/55 MP: 0/16
  5198 | D:5      | Noticed Dowan
  5244 | D:5      | HP: 1/55 [Dowan/stone arrow (13)]
  5245 | D:5      | Slain by Dowan

Illustrated notes

Levels and vault maps discovered:
D:1:      psy_arrival_heroes, layout_basic
D:2:      layout_rooms, corexii_shack
D:3:      layout_basic, lemuel_doored_altar, gammafunk_ghost_split,
          uniq_terence, uniq_sigmund, uniq_jessica, uniq_ijyb
D:4:      layout_rooms, led_xom_imps, kennysheep_mini, temple_hall,
          serial_shops, shop_coins, minmay_fountain_box
D:5:      cheibrodos_iron_armory, layout_basic, eat_drink_and_be_merry_uskayaw,
          lemuel_crystal_altar, serial_shops, shop, portal_sewer_entry_d,
          uniq_duvessa

Skill      XL: |  1  2  3  4  5  6 |
---------------+-------------------+-----
Conjurations   | 1 2 3 |  3.7
Spellcasting   | 2 3 |  3.8
Fire Magic     | 3 4 |  4.7
Fighting       | 1 2 |  2.3
Dodging        | |  1.7
Stealth        | |  1.7

Action                   |  1- 3 |  4- 6 |  7- 9 || total
-------------------------+-------+-------+-------++-------
Melee: Dagger            |    15 |    12 |       ||    27
 Cast: Foxfire           |   120 |   134 |       ||   254
       Sticky Flame      |       |     2 |       ||     2
Evoke: Wand              |       |       |     1 ||     1
  Use: Scroll            |       |       |     3 ||     3
 Stab: Sleeping          |       |     2 |       ||     2
Armor: Robe              |     4 |    11 |     1 ||    16
Dodge: Dodged            |    20 |    42 |     1 ||    63

Table legend: (Time is in decaauts)
 A = Elapsed time spent in this place.
 B = Non-inter-level travel time spent in this place.
 C = Inter-level travel time spent in this place.
 D = Time resting spent in this place.
 E = Time spent auto-exploring this place.
 F = Levels seen in this place.
 G = Mean time per level.
                   A        B        C        D        E       F      G
               +--------+--------+--------+--------+--------+-----+--------+
         Total |   5251 |   5174 |     77 |    528 |   3853 |   5 | 1050.2 |
       Dungeon |   5251 |   5174 |     77 |    528 |   3853 |   5 | 1050.2 |
               +--------+--------+--------+--------+--------+-----+--------+

Top non-repeatable levels by time:
     D:2: 1488 daAuts
     D:1: 1371 daAuts
     D:3: 1239 daAuts
     D:4: 914 daAuts
     D:5: 237 daAuts
